 Dungeon Sprint DCSS version 0.27-a0-1322-gfdffb62a71 (webtiles) character file.

Game seed: 4524115513668317718

59801 mhtbhm the Phalangite (level 14, -2/157 HPs)
             Began as a Yellow Draconian Berserker on June 22, 2021.
             Was the Champion of Trog.
             Shot with a bolt by a yaktaur captain (44 damage)
             ... in the Dungeon (Sprint IX: "|||||||||||||||||||||||||||||").
             The game lasted 00:08:51 (5903 turns).

mhtbhm the Phalangite (Yellow Draconian Berserker)  Turns: 5903, Time: 00:08:52

Health: -2/157     AC: 11    Str: 24    XL:     14   Next: 54%
Magic:  14/14      EV: 21    Int: 10    God:    Trog [******]
Gold:   1917       SH:  0    Dex: 15    Spells: 13/13 levels left

rFire    . . .     SeeInvis .   a - +12 glaive of Prune {vorpal}
rCold    . . .     Faith    .   (shield currently unavailable)
rNeg     . . .     Spirit   .   (armour unavailable)
rPois    .         Reflect  .   (helmet restricted)
rElec    .         Harm     .   i - +0 cloak
rCorr    +         Rampage  .   j - +0 pair of gloves
Will     +....     NoTele   +   s - +0 pair of boots
Stlth    ++++......             (no amulet)
HPRegen  0.36/turn              l - +3 ring of intelligence
MPRegen  0.14/turn              k - +3 ring of dexterity

@: lethally poisoned (-2 -> -13), on berserk cooldown, slowed, very slow
A: spit acid, AC +8, unfitting armour, acidic bite, cold-blooded, acid
resistance
a: Breathe Acid, Renounce Religion, Berserk, Trog's Hand, Brothers in Arms


You were in the Dungeon.
You worshipped Trog.
Trog was exalted by your worship.
You visited 1 branch You collected 1917 gold pieces.

Inventory:

Hand Weapons
 a - the +12 glaive of Prune (weapon) {vorpal}
   (Trog gifted it to you in the Dungeon)

   It inflicts extra damage upon your enemies.
 w - a +2 double sword of holy wrath
 x - a +3 glaive of flaming
 y - a +4 demon trident of flaming
 z - a +4 bardiche
 I - a +8 antimagic glaive
 J - the +4 bardiche "Painted Jelly's Undoing" {vorpal, rN+++ Str+3 Dex-3}
   (Trog gifted it to you in the Dungeon)

   It inflicts extra damage upon your enemies.
   It affects your strength (+3).
   It affects your dexterity (-3).
   It renders you almost immune to negative energy.
Missiles
 t - 3 curare-tipped darts (quivered)
 v - 6 javelins
 A - 4 boomerangs of dispersal
 B - 3 throwing nets
Armour
 i - a +0 cloak (worn)
 j - a +0 pair of gloves (worn)
 s - a +0 pair of boots (worn)
Jewellery
 k - a +3 ring of dexterity (right hand)
 l - a +3 ring of intelligence (left hand)
 C - a ring of ice
 D - a ring of ice
 E - a ring of protection from fire
 F - a ring of see invisible
Wands
 h - a wand of acid (6)
Scrolls
 g - 4 scrolls of blinking
 o - 3 scrolls of enchant weapon
 p - 2 scrolls of fog
 q - 4 scrolls of enchant armour
 r - a scroll of fear
 H - a scroll of identify
Potions
 b - 5 potions of curing
 c - 3 potions of heal wounds
 d - 3 potions of haste
 e - 4 potions of magic
 f - a potion of invisibility
 m - 2 potions of mutation
 n - 2 potions of berserk rage
 u - a potion of degeneration {unknown}
 G - a potion of resistance


   Skills:
 + Level 23.4 Fighting
 + Level 25.1 Polearms
 + Level 16.6 Dodging
 + Level 8.0 Stealth
 + Level 2.3 Unarmed Combat
 + Level 3.3 Evocations


You had 13 spell levels left.
You didn't know any spells.
Your spell library was empty.

Dungeon Overview and Level Annotations

Branches:
Dungeon (1/1)

Altars:
Cheibriados
Dithmenos
Elyvilon
Fedhas
Gozag
Hepliaklqana
Kikubaaqudgha
Makhleb
Nemelex Xobeh
Okawaru
Qazlal
Ru
Sif Muna
Trog
Uskayaw
Vehumet
Wu Jian
Xom
Yredelemnul
Zin
The Shining One
Beogh
Jiyva
Lugonu

Shops:
D [(((


Innate Abilities, Weirdness & Mutations

You can spit globs of acid.
Your golden yellow scales are hard. (AC +8)
You cannot fit into any form of body armour.
You have acidic saliva.
You are cold-blooded and may be slowed by cold attacks.
You are resistant to acid. (rCorr)


Message History

The green very ugly thing is almost dead.
You feel very sick.
You chop the green very ugly thing into pieces!!!
You kill the green very ugly thing!
Trog accepts your kill.
You feel very sick.
You feel extremely sick.
You see here a very ugly thing corpse.
You carve the wizard like a ham!!!
You kill the wizard!
Trog accepts your kill.
Trog appreciates your killing of a magic user.
You feel very sick.
The ironbound convoker begins to recite a word of recall!
You are too injured to fight recklessly!
You are no longer berserk.
You are exhausted.
You feel yourself slow down.
You feel very sick.
Things that are here:
a +0 dagger; a +0 robe; a human corpse You slash the ironbound convoker!
You bite the ironbound convoker, but do no damage.
The ironbound convoker is moderately wounded.
You feel extremely sick.
You slash the ironbound convoker!
Your tail-slap misses the ironbound convoker.
You bite the ironbound convoker.
The ironbound convoker is splashed with acid.
The acid corrodes the ironbound convoker!
The ironbound convoker is severely wounded.
You feel very sick.
You open the ironbound convoker like a pillowcase!!!
You kill the ironbound convoker!
Trog accepts your kill.
Trog appreciates your killing of a magic user.
You feel very sick.
The yaktaur captain wields a +4 arbalest.
The yaktaur captain shoots a bolt.
The bolt hits you!!!
You die...

▓▓▓▓▓▓▓▓▓▓▓▓▓▓▓▓▓▓▓▓▓▓▓▓
....Jc)@†)))'(.....)....
▓▓▓▓▓▓▓▓▓▓▓▓▓▓▓▓▓▓▓▓▓▓▓▓▓▓▓▓▓▓▓▓▓
...)..............).)............
▓▓▓♣♣♣♣♣♣♣♣♣♣▓▓▓▓▓▓▓▓▓▓▓▓▓▓▓▓▓▓▓▓
..'........[).....).))÷p...)().)†
▓▓▓♣♣♣♣♣♣♣♣♣†▓▓▓▓▓▓▓▓▓▓▓▓▓▓▓▓▓▓▓▓
.....................†.....p.p.p.
▓▓▓▓▓▓▓▓▓▓▓▓▓▓▓▓▓▓▓▓▓▓▓▓▓▓▓▓▓▓▓▓▓
).)........÷..(').......!.[[[[[[[


You could see a yaktaur captain and a slime creature.

Vanquished Creatures
  Kirke (D)
  2 fire giants (D)
  Aizul (D)
  A frost giant (D)
  A stone giant (D)
  A very ugly thing (D)
  2 ironbound preservers (D)
  A bunyip (D)
  An ettin (D)
  An eleionoma (D)
  3 fire dragons (D)
  Harold (D)
  2 great orbs of eyes (D)
  3 boulder beetles (D)
  A naga warrior (D)
  A rakshasa (D)
  4 hydras (D)
  2 ice dragons (D)
  2 ironbound thunderhulks (D)
  An alligator (D)
  A two-headed ogre (D)
  A deep troll shaman (D)
  2 orc high priests (D)
  A tengu warrior (D)
  A deep troll earth mage (D)
  Urug (D)
  A vampire mage (D)
  A naga sharpshooter (D)
  Sonja (D)
  A shock serpent (D)
  2 swamp dragons (D)
  A spriggan druid (D)
  2 wizards (D)
  A bog body (D)
  8 orc knights (D)
  An ironbound convoker (D)
  An orb spider (D)
  4 wolf spiders (D)
  A harpy (shapeshifter) (D)
  A lindwurm (D)
  3 orc sorcerers (D)
  A deep elf pyromancer (D)
  2 necromancers (D)
  2 ugly things (D)
  6 manticores (D)
  A cyclops (D)
  A water nymph (D)
  2 merfolk sirens (D)
  A naga mage (D)
  5 black mambas (D)
  A cane toad (D)
  A yaktaur (D)
  A rime drake (D)
  An efreet (D)
  A tengu conjurer (D)
  2 demonic crawlers (D)
  A bloated husk (D)
  5 polar bears (D)
  2 jumping spiders (D)
  A wind drake (D)
  A hornet (shapeshifter) (D)
  A dream sheep (D)
  2 water elementals (D)
  A wyvern (D)
  3 hogs (D)
  A basilisk (D)
  3 yaks (D)
  Eustachio (D)
  2 water moccasins (D)
  8 orc warriors (D)
  3 black bears (D)
  An ogre (D)
  2 centaurs (D)
  6 bullfrogs (D)
  2 scorpions (D)
  A killer bee (D)
  4 orc priests (D)
  A gnoll shaman (D)
  2 orc wizards (D)
  An adder (D)
  12 orcs (D)
  An endoplasm (D)
  2 giant cockroaches (D)
  A kobold (D)
  A ball python zombie (D)
  A jackal zombie (D)
  A rat (D)
170 creatures vanquished.

Vanquished Creatures (collateral kills)
  An ettin (D)
  A great orb of eyes (D)
  A spriggan berserker (D)
  A necromancer (D)
4 creatures vanquished.

Grand Total: 174 creatures vanquished

Notes
Turn   | Place    | Note
-------+----------+-------------------------------------------
     0 | D        | mhtbhm the Draconian Berserker began the quest for the Orb.
     0 | D        | Reached XP level 1. HP: 19/19 MP: 1/1
    10 | D        | Reached ** piety under Trog
   124 | D        | Noticed a scorpion
   124 | D        | Noticed an ogre
   124 | D        | Noticed a scorpion
   124 | D        | Noticed a centaur
   129 | D        | Killed a centaur
   130 | D        | Reached skill level 5 in Polearms
   130 | D        | Reached XP level 2. HP: 20/30 MP: 2/2
   130 | D        | Reached XP level 3. HP: 24/37 MP: 3/3
   130 | D        | Reached XP level 4. HP: 29/44 MP: 4/4
   135 | D        | Killed a scorpion
   135 | D        | Reached *** piety under Trog
   136 | D        | Reached skill level 6 in Polearms
   136 | D        | Reached skill level 5 in Dodging
   136 | D        | Reached XP level 5. HP: 36/52 MP: 5/5
   141 | D        | Killed an ogre
   142 | D        | Reached skill level 7 in Polearms
   146 | D        | Reached skill level 8 in Polearms
   146 | D        | Reached XP level 6. HP: 20/62 MP: 6/6
   192 | D        | Found a snail-covered altar of Cheibriados.
   192 | D        | Found a shadowy altar of Dithmenos.
   192 | D        | Found a white marble altar of Elyvilon.
   192 | D        | Found a blossoming altar of Fedhas.
   192 | D        | Found an opulent altar of Gozag.
   193 | D        | Found a hazy altar of Hepliaklqana.
   194 | D        | Found a viscous altar of Jiyva.
   195 | D        | Found an ancient bone altar of Kikubaaqudgha.
   196 | D        | Found a corrupted altar of Lugonu.
   197 | D        | Found a burning altar of Makhleb.
   198 | D        | Found a sparkling altar of Nemelex Xobeh.
   199 | D        | Found an iron altar of Okawaru.
   200 | D        | Found a stormy altar of Qazlal.
   201 | D        | Found a sacrificial altar of Ru.
   202 | D        | Found a shimmering blue altar of Sif Muna.
   203 | D        | Found a bloodstained altar of Trog.
   204 | D        | Found a hide-covered altar of Uskayaw.
   205 | D        | Found a radiant altar of Vehumet.
   206 | D        | Found an ornate altar of the Wu Jian Council.
   207 | D        | Found a shimmering altar of Xom.
   208 | D        | Found a basalt altar of Yredelemnul.
   209 | D        | Found a glowing silver altar of Zin.
   210 | D        | Found a glowing golden altar of the Shining One.
   406 | D        | Noticed a two-headed ogre
   415 | D        | Killed a two-headed ogre
   415 | D        | Reached **** piety under Trog
   416 | D        | Reached skill level 11 in Polearms
   416 | D        | Your scales start taking on a golden yellow colour.
   416 | D        | Reached XP level 7. HP: 43/74 MP: 7/7
   416 | D        | Gained mutation: You are resistant to acid. (rCorr) [Yellow
                  | Draconian growth]
   421 | D        | Reached XP level 8. HP: 49/82 MP: 8/8
   428 | D        | Reached ***** piety under Trog
   609 | D        | Noticed a manticore
   609 | D        | Noticed a manticore
   609 | D        | Noticed a manticore
   609 | D        | Noticed a boulder beetle
   609 | D        | Noticed a manticore
   609 | D        | Noticed a hornet
   611 | D        | Killed a hornet
   613 | D        | Killed a manticore
   613 | D        | Killed a manticore
   614 | D        | Reached skill level 12 in Polearms
   614 | D        | Reached skill level 10 in Dodging
   614 | D        | Reached skill level 1 in Evocations
   614 | D        | Reached XP level 9. HP: 72/91 MP: 9/9
   808 | D        | Killed a manticore
   809 | D        | Reached skill level 13 in Polearms
   852 | D        | Killed a manticore
   852 | D        | Received a gift from Trog
   856 | D        | Killed a boulder beetle
   857 | D        | Reached skill level 14 in Polearms
  1062 | D        | Reached XP level 10. HP: 101/101 MP: 10/10
  1073 | D        | Reached skill level 15 in Polearms
  1223 | D        | Noticed a cane toad
  1225 | D        | Noticed a four-headed hydra
  1227 | D        | Killed a cane toad
  1227 | D        | Reached ****** piety under Trog
  1227 | D        | Received a gift from Trog
  1230 | D        | Reached skill level 5 in Stealth
  1246 | D        | Killed an 11-headed hydra
  1247 | D        | Reached skill level 16 in Polearms
  1248 | D        | Noticed a lindwurm
  1251 | D        | Received a gift from Trog
  1287 | D        | Killed a lindwurm
  1452 | D        | Received a gift from Trog
  1456 | D        | Reached XP level 11. HP: 111/111 MP: 11/11
  1460 | D        | Reached skill level 17 in Polearms
  1553 | D        | Noticed Sonja
  1559 | D        | Killed Sonja
  1560 | D        | Reached skill level 15 in Fighting
  1711 | D        | Noticed Urug
  1721 | D        | Killed Urug
  1753 | D        | Noticed Eustachio
  1777 | D        | Killed Eustachio
  1777 | D        | Received a gift from Trog
  1778 | D        | Found the +12 glaive of Prune {vorpal}
  1818 | D        | Noticed an orc knight
  1821 | D        | Killed an orc knight
  1838 | D        | Received a gift from Trog
  1890 | D        | Noticed an orc knight
  1897 | D        | Received a gift from Trog
  1899 | D        | Noticed an orc high priest
  1904 | D        | Killed an orc knight
  1905 | D        | Reached skill level 18 in Polearms
  1905 | D        | Noticed an orc knight
  1908 | D        | Noticed an orc knight
  1914 | D        | Killed an orc high priest
  1921 | D        | Killed an orc knight
  1927 | D        | Killed an orc knight
  1931 | D        | Received a gift from Trog
  2094 | D        | Found Zalew's Antique Weapon Boutique.
  2094 | D        | Noticed an orc sorcerer
  2094 | D        | Noticed an orc high priest
  2094 | D        | Noticed an orc sorcerer
  2094 | D        | Noticed an orc knight
  2097 | D        | Noticed a sixfirhy
  2100 | D        | Killed an orc knight
  2101 | D        | Killed an orc sorcerer
  2102 | D        | Reached skill level 19 in Polearms
  2102 | D        | Noticed an orc knight
  2107 | D        | Killed an orc high priest
  2108 | D        | Found Deom's Weapon Shop.
  2112 | D        | Killed an orc sorcerer
  2113 | D        | Found Qiv Nej's Weapon Boutique.
  2117 | D        | Killed an orc knight
  2117 | D        | Received a gift from Trog
  2119 | D        | Found Uruff's Antique Armour Shop.
  2125 | D        | Noticed an orc sorcerer
  2141 | D        | Killed an orc sorcerer
  2146 | D        | Noticed an orc knight
  2329 | D        | Killed an orc knight
  2330 | D        | Reached XP level 12. HP: 95/125 MP: 12/12
  2491 | D        | Noticed Harold
  2496 | D        | Killed Harold
  2496 | D        | Received a gift from Trog
  2497 | D        | Reached skill level 20 in Polearms
  2575 | D        | Noticed a seven-headed hydra
  2575 | D        | Noticed a six-headed hydra
  2582 | D        | Killed a nine-headed hydra
  2588 | D        | Killed an 11-headed hydra
  2590 | D        | Noticed a deep troll earth mage
  2596 | D        | Received a gift from Trog
  2600 | D        | Noticed a stone giant
  2602 | D        | Killed a deep troll earth mage
  2603 | D        | Reached skill level 21 in Polearms
  2609 | D        | Noticed a deep troll shaman
  2614 | D        | Killed a stone giant
  2614 | D        | Noticed a fire dragon
  2618 | D        | Killed a deep troll shaman
  2964 | D        | Killed a fire dragon
  2964 | D        | Noticed an ice dragon
  2971 | D        | Killed an ice dragon
  3322 | D        | Received a gift from Trog
  3368 | D        | Noticed Kirke
  3392 | D        | Killed Kirke
  3393 | D        | Reached skill level 22 in Polearms
  3597 | D        | Identified the +4 bardiche "Painted Jelly's Undoing"
                  | {vorpal, rN+++ Str+3 Dex-3} (Trog gifted it to you in the
                  | Dungeon)
  3597 | D        | Received a gift from Trog
  3598 | D        | Reached XP level 13. HP: 137/137 MP: 13/13
  3614 | D        | Reached skill level 1 in Unarmed Combat
  3850 | D        | Received a gift from Trog
  3862 | D        | Received a gift from Trog
  3906 | D        | Received a gift from Trog
  3923 | D        | Reached skill level 23 in Polearms
  3924 | D        | Identified the +6 halberd of Wuhanunt {flame, Str+3} (Trog
                  | gifted it to you in the Dungeon)
  3924 | D        | Received a gift from Trog
  4176 | D        | Noticed a bunyip
  4176 | D        | Noticed an eleionoma
  4187 | D        | Killed an eleionoma
  4187 | D        | Received a gift from Trog
  4190 | D        | Killed a bunyip
  4206 | D        | Reached skill level 15 in Dodging
  4436 | D        | Noticed Aizul
  4450 | D        | Killed Aizul
  4450 | D        | Received a gift from Trog
  4787 | D        | Noticed an ettin
  4787 | D        | Noticed a fire dragon
  4788 | D        | Noticed a fire giant
  4790 | D        | Noticed a frost giant
  4795 | D        | Received a gift from Trog
  4801 | D        | Killed a fire dragon
  4807 | D        | Killed a fire giant
  4811 | D        | Killed a frost giant
  4812 | D        | Reached skill level 24 in Polearms
  4812 | D        | Gained mutation: You have acidic saliva. [Yellow Draconian
                  | growth]
  4812 | D        | Reached XP level 14. HP: 148/152 MP: 14/14
  4816 | D        | Identified the +6 halberd of Coic {vorpal, +Rage rPois
                  | rCorr} (Trog gifted it to you in the Dungeon)
  4816 | D        | Received a gift from Trog
  4849 | D        | Noticed a fire giant
  4927 | D        | Killed a fire giant
  5346 | D        | Received a gift from Trog
  5823 | D        | Noticed an ironbound preserver
  5829 | D        | Killed an ironbound preserver
  5829 | D        | Received a gift from Trog
  5876 | D        | Noticed an ironbound preserver
  5880 | D        | Noticed a green very ugly thing
  5888 | D        | Killed an ironbound preserver
  5888 | D        | Received a gift from Trog
  5889 | D        | Reached skill level 25 in Polearms
  5897 | D        | Killed a green very ugly thing
  5903 | D        | Shot with a bolt by a yaktaur captain

Illustrated notes

Levels and vault maps discovered:
D:        linesprint [early_d, line_temple, items_1, d_10, items_2, lair_1,
          lair_end, items_3, orc_1, orc_end, items_4, d_15, swamp_1, shoals_1,
          snake_1, spider_1, d_20, vaults_1, items_5, swamp_end, shoals_end,
          snake_end, spider_end, vaults_end, d_27, items_6, zot_1, zot_end,
          crypt_end, forest_end, elf_end, slime_end, tomb_end, abyss_end,
          pan_hell_end]

Skill      XL: |  1  2  3  4  5  6  7  8  9 10 11 12 13 14 |
---------------+-------------------------------------------+-----
Dodging        | 4 5 6 8 10 11 12 13 15 16 | 16.6
Fighting       | 6 7 8 11 12 13 14 17 19 21 23 | 23.4
Polearms       | 5 6 8 11 12 14 16 19 22 24 25 | 25.1
Stealth        | 2 3 4 5 6 7 8 |  8.0
Evocations     | 1 2 3 |  3.3
Unarmed Combat | 2 |  2.3

Action                   |  1- 3 |  4- 6 |  7- 9 | 10-12 | 13-15 || total
-------------------------+-------+-------+-------+-------+-------++-------
Melee: Spear             |    17 |    18 |       |       |       ||    35
       Halberd           |       |     7 |    41 |    63 |       ||   111
       Tailslap          |       |     3 |     8 |    24 |    21 ||    56
       Glaive            |       |       |       |   167 |   191 ||   358
       Unarmed           |       |       |       |     2 |       ||     2
       Bite              |       |       |       |       |     7 ||     7
Invok: Berserk           |       |       |     3 |    12 |     9 ||    24
       Trog's Hand       |       |       |       |       |     1 ||     1
       Brothers in Arms  |       |       |       |       |     2 ||     2
 Abil: Breathe Acid      |       |       |     5 |     8 |     2 ||    15
Evoke: Wand              |       |       |     3 |       |     1 ||     4
  Use: Potion            |     1 |     2 |       |       |     1 ||     4
 Stab: Sleeping          |       |     1 |       |     1 |       ||     2
       Distracted        |       |       |       |     1 |       ||     1
Armor: Skin              |     8 |     2 |    11 |    25 |    12 ||    58
Dodge: Dodged            |     6 |    11 |    29 |    97 |    56 ||   199

Table legend: (Time is in decaauts)
 A = Elapsed time spent in this place.
 B = Non-inter-level travel time spent in this place.
 C = Inter-level travel time spent in this place.
 D = Time resting spent in this place.
 E = Time spent auto-exploring this place.
 F = Levels seen in this place.
 G = Mean time per level.
                   A        B        C        D        E       F      G
               +--------+--------+--------+--------+--------+-----+--------+
         Total |   5977 |   5977 |      0 |   3971 |    766 |   1 | 5977.0 |
       Dungeon |   5977 |   5977 |      0 |   3971 |    766 |   1 | 5977.0 |
               +--------+--------+--------+--------+--------+-----+--------+

Top non-repeatable levels by time:
       D: 5977 daAuts
